 Dungeon Crawl Stone Soup version 0.24-a0-446-g87df7205b4 (webtiles) character file.

Game seed: 8788880937796638066

975 tilp the Cleaver (level 8, 0/58 HPs)
             Began as a Human Berserker on June 24, 2019.
             Was a Believer of Trog.
             Slain by an orc warrior
             ... wielding a +0 glaive
              (18 damage)
             ... in a bailey.
             The game lasted 00:08:09 (2258 turns).

tilp the Cleaver (Human Berserker)                  Turns: 2258, Time: 00:08:10

Health: 0/58       AC: 13    Str: 20    XL:     8   Next: 39%
Magic:  2/2        EV:  6    Int:  7    God:    Trog [**....]
Gold:   194        SH:  0    Dex: 13    Spells: 7/7 levels left

rFire    + + .     SeeInvis .   a - +9 mace "Qoagypa" {antimagic, rF+ rC+}
rCold    + + .     Gourm    .   (no shield)
rNeg     . . .     Faith    .   w - +1 plate armour {rPois}
rPois    +         Spirit   .   (no helmet)
rElec    .         Reflect  .   n - scarf {rC+ rF+}
rCorr    .         Harm     .   (no gloves)
MR       ++...                  (no boots)
Stlth    ..........             (no amulet)
HPRegen  1.19/turn              t - +2 ring of protection
MPRegen  0.08/turn              (no ring)

@: regenerating
A: no striking features
a: Berserk, Trog's Hand, Renounce Religion


You were in a bailey.
You worshipped Trog.
Trog was pleased with you.
You were not hungry.

You visited 1 branch of the dungeon, and saw 7 of its levels.
You also visited: Bailey.

You collected 194 gold pieces.

Inventory:

Hand Weapons
 a - the +9 mace "Qoagypa" (weapon) {antimagic, rF+ rC+}
   (You found it on level 4 of the Dungeon)

   It reduces the magical energy of the wielder, and disrupts the spells and
   magical abilities of those hit.
   Natural abilities and divine invocations are not affected.
   It protects you from fire.
   It protects you from cold.
 r - a +1 battleaxe
Missiles
 e - 49 stones (quivered)
 f - 2 javelins
Armour
 n - a scarf of resistance (worn)
 p - a +0 cloak
 u - the +3 leather armour of Eternal Vigilance {rElec}
   (You found it on level 5 of the Dungeon)

   It insulates you from electricity.
 w - a +1 plate armour of poison resistance (worn)
Jewellery
 t - a +2 ring of protection (left hand)
Wands
 d - a wand of scattershot (5)
 o - a wand of flame (13)
Scrolls
 b - a scroll of amnesia {unknown}
 g - a scroll of enchant weapon
 h - a scroll of teleportation
 j - a scroll of blinking {unknown}
 k - a scroll of remove curse
 s - a scroll of fog {unknown}
Potions
 i - a potion of haste
 m - a potion of invisibility
 v - a potion of mutation {unknown}
Comestibles
 c - 5 rations
 q - 2 chunks of flesh


   Skills:
 - Level 3.0 Fighting
 + Level 9.7 Axes
 - Level 2.0 Armour
 - Level 2.0 Dodging


You had 7 spell levels left.
You didn't know any spells.
Your spell library was empty.

Dungeon Overview and Level Annotations

Branches:
Dungeon (7/15)             Temple (0/1) D:7

Altars:
Ashenzari
Okawaru


Message History

You feel resistant to hostile enchantments.
You feel somewhat more hungry.
An orc warrior comes into view. It is wielding a +0 glaive.
The orc warrior shouts!
An orc comes into view. It is wielding a +0 trident.
The orc warrior barely misses you.
An orc comes into view. It is wielding a +0 halberd.
The orc shouts!
The orc warrior hits you from afar with a +0 glaive!
* * * LOW HITPOINT WARNING * * *
You feel the effects of Trog's Hand fading.
The orc warrior hits you from afar with a +0 glaive.
* * * LOW HITPOINT WARNING * * *
Unknown command.
You feel better.
The orc warrior hits you from afar with a +0 glaive.
* * * LOW HITPOINT WARNING * * *
You feel better.
The orc warrior hits you from afar with a +0 glaive!!
You die...

≈o## ≈o########## #+##
#### ≈o.o.....o.## ...
#....
≈≈≈≈≈≈≈≈≈≈.o##.∩.##..≈≈≈
.........≈≈.o## #.o≈≈..
########..≈≈..###..≈≈..#
##..≈≈.o.oo≈≈..#
##..≈≈≈≈≈≈≈..#
##.....@...# ###########


You could see 3 orc warriors and 4 orcs.

Vanquished Creatures
  Menkaure (D:6)
  An orc warrior (D:7)
  A sky beast (D:5)
  2 ice beasts
  2 centaurs
  A scorpion (D:5)
  A howler monkey (D:4)
  A jelly (D:4)
  An iguana (D:5)
  4 worker ants
  A hound skeleton (D:7)
  2 adders (D:2)
  An ooze (D:2)
  2 adder skeletons
  5 leopard geckos
  4 orcs
  2 ball pythons
  4 bats
  3 giant cockroaches
  6 goblins
  A hobgoblin (D:1)
  5 kobolds
  A ball python zombie (D:4)
  2 frilled lizards
  A quokka zombie (D:7)
  3 rats
58 creatures vanquished.

Notes
Turn   | Place    | Note
-------+----------+-------------------------------------------
     0 | D:1      | tilp the Human Berserker began the quest for the Orb.
     0 | D:1      | Reached XP level 1. HP: 18/18 MP: 1/1
    59 | D:1      | Reached XP level 2. HP: 18/24 MP: 2/2
   260 | D:2      | Reached skill level 4 in Axes
   260 | D:2      | Reached XP level 3. HP: 22/29 MP: 3/3
   353 | D:2      | Reached ** piety under Trog
   426 | D:4      | Reached XP level 4. HP: 21/35 MP: 4/4
   541 | D:4      | Got a crystal mace
   542 | D:4      | Identified the +9 mace "Qoagypa" {antimagic, rF+ rC+} (You
                  | found it on level 4 of the Dungeon)
   578 | D:4      | Reached skill level 5 in Axes
   583 | D:4      | Reached XP level 5. HP: 31/41 MP: 1/5
   812 | D:5      | Entered Level 5 of the Dungeon
   818 | D:5      | Reached skill level 6 in Axes
   818 | D:5      | Reached XP level 6. HP: 46/47 MP: 2/6
   855 | D:5      | Reached skill level 7 in Axes
   939 | D:5      | Found an iron altar of Okawaru.
   978 | D:5      | Got a jewelled leather armour
   979 | D:5      | Identified the +3 leather armour of Eternal Vigilance
                  | {rElec} (You found it on level 5 of the Dungeon)
  1076 | D:5      | Noticed an ice beast
  1088 | D:5      | Killed an ice beast
  1088 | D:5      | Reached XP level 7. HP: 48/52 MP: 2/7
  1177 | D:5      | Reached skill level 8 in Axes
  1680 | D:6      | Noticed Menkaure
  1693 | D:6      | Killed Menkaure
  1745 | D:6      | Found a shattered altar of Ashenzari.
  1868 | D:6      | You fall into a shaft and drop 1 floor!
  1889 | D:7      | Reached skill level 9 in Axes
  1889 | D:7      | Reached XP level 8. HP: 58/58 MP: 2/8
  1946 | D:7      | Found a staircase to the Ecumenical Temple.
  2056 | D:7      | Found a flagged portal.
  2112 | Bailey   | Entered a bailey
  2256 | Bailey   | HP: 1/58 [orc warrior/+0 glaive (5)]
  2258 | Bailey   | Slain by an orc warrior

Levels and vault maps discovered:
D:1:      elethiomel_arrival_quiet, layout_loops_cross
D:2:      layout_basic, hangedman_decor_clover_reticule
D:3:      layout_basic, uniq_sigmund
D:4:      layout_loops_ring, nicolae_overflow_quartered_altars, first_ration
D:5:      layout_basic, okawaru_ov_weapons_minmay
D:6:      layout_basic, ashenzari_altar_1, uniq_menkaure
D:7:      layout_gridville, minmay_temple_entry_ruins, enter_bailey_3
Bailey:   bailey_polearm_1, bailey

Skill      XL: |  1  2  3  4  5  6  7 |
---------------+----------------------+-----
Axes           | 4 5 6 7 9 |  9.7
Fighting       | |  3.0
Armour         | |  2.0
Dodging        | |  2.0

Action                   |  1- 3 |  4- 6 |  7- 9 || total
-------------------------+-------+-------+-------++-------
Melee: Hand axe          |    85 |     7 |       ||    92
       Mace              |       |    48 |    78 ||   126
Throw: Stone             |       |     2 |       ||     2
Invok: Berserk           |     1 |     2 |     4 ||     7
       Trog's Hand       |       |       |     4 ||     4
Evoke: Wand              |       |       |     1 ||     1
  Use: Scroll            |       |     1 |     8 ||     9
       Potion            |       |       |     2 ||     2
  Eat: Chunk             |       |     4 |     5 ||     9
       Ration            |       |       |     1 ||     1
Armor: Animal skin       |     5 |       |       ||     5
       Ring mail         |    31 |    11 |       ||    42
       Leather armour    |       |     5 |    45 ||    50
       Plate armour      |       |       |    15 ||    15
Dodge: Dodged            |    56 |    33 |    73 ||   162

Table legend:
 A = Non-vault XP
 B = Vault XP
 C = Vault XP percentage of total XP
 D = Non-vault monster count
 E = Vault monster count
 F = Vault count percentage of total count
                 A         B        C        D         E       F
            +---------+---------+-------+---------+---------+-------
      Total |    1211 |     182 |  13.1 |      53 |       5 |   8.6
            +---------+---------+-------+---------+---------+-------
        D:1 |      21 |       0 |   0.0 |      11 |       0 |   0.0
        D:2 |      45 |       0 |   0.0 |      12 |       0 |   0.0
        D:3 |       1 |       0 |   0.0 |       1 |       0 |   0.0
        D:4 |     150 |       0 |   0.0 |       9 |       0 |   0.0
        D:5 |     556 |       0 |   0.0 |      10 |       0 |   0.0
        D:6 |      33 |     175 |  84.1 |       1 |       1 |  50.0
        D:7 |     405 |       7 |   1.7 |       9 |       4 |  30.8
            +---------+---------+-------+---------+---------+-------
